[Event "Early-Titled-Tuesday-Blitz-August-29-2023"]
[Site "Chess.com"]
[Date "2023.08.29"]
[Round "9"]
[White "reevecanada"]
[Black "Iskusnyh"]
[Result "1-0"]
[WhiteElo "2527"]
[BlackElo "2618"]
[TimeControl "180+1"]
[EndTime "9:40:29 PDT"]
[Termination "reevecanada won by checkmate"]

1. e4 e6 2. Nf3 d5 3. Nc3 Nf6 4. e5 Nfd7 5. d4 c5 6. Bg5 Qb6 7. dxc5 Bxc5 8. Qd2 Bxf2+ 9. Qxf2 Qxb2 10. Kd2 Qxa1 11.
Bb5 Qxh1 12. Qc5 Qxg2+ 13. Kc1 f6 14. exf6 gxf6 15. Bxf6 Nc6 16. Bxc6 Kf7 17. Qe7+ Kg8 18. Qxe6+ Kf8 19. Qe7+ Kg8 20. Bxd5# 1-0

[Event "Early-Titled-Tuesday-Blitz-August-29-2023"]
[Site "Chess.com"]
[Date "2023.08.29"]
[Round "9"]
[White "vovachesss"]
[Black "Pax-Pramana"]
[Result "1-0"]
[WhiteElo "2776"]
[BlackElo "2488"]
[TimeControl "180+1"]
[EndTime "9:40:34 PDT"]
[Termination "vovachesss won by resignation"]

1. e4 c5 2. Nf3 e6 3. g3 Nf6 4. e5 Nd5 5. Bg2 Nc6 6. O-O d6 7. d4 cxd4 8. exd6 Bxd6 9. Nxd4 Nxd4 10. Qxd4 O-O 11. Rd1 Qc7 12. c4 Bc5 13. Qh4 Ne7 14. Nc3 Nf5 15. Qe4 Nd6 16. Qf4 Bd7 17. Be3 Bb4 18. c5 e5 19. Qxe5 Bxc3 20. bxc3 1-0

[Event "Early-Titled-Tuesday-Blitz-August-29-2023"]
[Site "Chess.com"]
[Date "2023.08.29"]
[Round "9"]
[White "MatthewG-p4p"]
[Black "Itk04"]
[Result "1/2-1/2"]
[WhiteElo "2842"]
[BlackElo "2676"]
[TimeControl "180+1"]
[EndTime "9:40:35 PDT"]
[Termination "Game drawn by repetition"]

1. f4 h6 2. Nf3 d5 3. g3 g5 4. fxg5 hxg5 5. Nxg5 e5 6. d3 Bh6 7. Nf3 Nc6 8. Bg2 Nf6 9. Bxh6 Rxh6 10. Nc3 d4 11. Ne4 Ng4 12. Qd2 Ne3 13. Rg1 Bg4 14. Nf2 f5 15. h3 Bxf3 16. Bxf3 Nb4 17. Rc1 Nxa2 18. Ra1 Nb4 19. Rc1 Na2 20. Ra1 Nb4 21. Rc1 Na2 1/2-1/2

[Event "Early-Titled-Tuesday-Blitz-August-29-2023"]
[Site "Chess.com"]
[Date "2023.08.29"]
[Round "9"]
[White "Frolyanov_D"]
[Black "GMBenjaminBok"]
[Result "0-1"]
[WhiteElo "2625"]
[BlackElo "2907"]
[TimeControl "180+1"]
[EndTime "9:40:43 PDT"]
[Termination "GMBenjaminBok won by resignation"]

1. d4 Nf6 2. c4 e6 3. Nf3 b6 4. a3 Bb7 5. Nc3 d5 6. cxd5 Nxd5 7. Qc2 Nxc3 8. bxc3 Nd7 9. e4 c5 10. Bd3 Qc7 11. Qe2 cxd4 12. O-O dxc3 13. Rd1 Be7 14. Bb5 Rd8 15. Bg5 Bxg5 16. Nxg5 O-O 17. Rd3 h6 18.
Rh3 Ne5 19. f4 Qc5+ 20. Kh1 Rd2 21. Qe1 Ng4 0-1

[Event "Early-Titled-Tuesday-Blitz-August-29-2023"]
[Site "Chess.com"]
[Date "2023.08.29"]
[Round "9"]
[White "Actuary44"]
[Black "SaqoChess_Twitch"]
[Result "1-0"]
[WhiteElo "2530"]
[BlackElo "2617"]
[TimeControl "180+1"]
[EndTime "9:40:46 PDT"]
[Termination "Actuary44 won by resignation"]

1. e4 c5 2. d4 cxd4 3. c3 d3 4. Bxd3 d6 5. f4 Nc6 6. Nf3 g6 7. O-O Bg7 8. Kh1 e6 9. Qe1 Nge7 10. Be3 O-O 11. Nbd2 d5 12. Rd1 dxe4 13. Nxe4 Nd5 14.
Bb1 Qc7 15. Bc1 b6 16. Qh4 Ba6 17. Rfe1 Nce7 18. Ne5 Nf5 19. Qh3 Rfd8 20. Ng5 h6 21. Ngxf7 Qxf7 22. Nxf7 Kxf7 23. g4 Nfe7 24. f5 exf5 25.
gxf5 g5 26. Qh5+ Kf8 27. Re6 Bb7 28. Be4 Rac8 29. f6 Nxf6 30. Rxf6+ Bxf6 31. Bxb7 Rxd1+ 32. Qxd1 Rc7 33. Qd8+ 1-0

[Event "Early-Titled-Tuesday-Blitz-August-29-2023"]
[Site "Chess.com"]
[Date "2023.08.29"]
[Round "9"]
[White "Romkachess"]
[Black "PeshkaCh"]
[Result "0-1"]
[WhiteElo "2547"]
[BlackElo "2786"]
[TimeControl "180+1"]
[EndTime "9:41:00 PDT"]
[Termination "PeshkaCh won by resignation"]

1. e4 e5 2. d4 exd4 3. Qxd4 Nc6 4. Qe3 g6 5. Nc3 Bg7 6. Bd2 Nf6 7. O-O-O O-O 8.
Bc4 d6 9. f3 Be6 10. Bb3 Bxb3 11.
axb3 Re8 12. Qf2 a5 13. h4 a4 14. bxa4 b5 15. axb5 Ra1+ 16. Nb1 Qa8 17. Ne2 Qa2 18.
Nc3 Rxb1+ 19. Nxb1 Nxe4 0-1

[Event "Early-Titled-Tuesday-Blitz-August-29-2023"]
[Site "Chess.com"]
[Date "2023.08.29"]
[Round "9"]
[White "jinbojinbo"]
[Black "denizozen"]
[Result "0-1"]
[WhiteElo "2681"]
[BlackElo "2863"]
[TimeControl "180+1"]
[EndTime "9:41:05 PDT"]
[Termination "denizozen won on time"]

1. e4 e5 2. Nf3 Nf6 3. Nxe5 d5 4.
exd5 Qxd5 5. d4 Nc6 6. Nxc6 Qxc6 7. Nc3 Bb4 8. Qe2+ Kd8 9. Qc4 Qe4+ 10. Be3 Bxc3+ 11.
Qxc3 Re8 12. Bd3 Qxg2 13. O-O-O Nd5 14. Qb3 Nxe3 15. fxe3 Be6 0-1

[Event "Early-Titled-Tuesday-Blitz-August-29-2023"]
[Site "Chess.com"]
[Date "2023.08.29"]
[Round "9"]
[White "Fraler15"]
[Black "scandalgod"]
[Result "0-1"]
[WhiteElo "2238"]
[BlackElo "2498"]
[TimeControl "180+1"]
[EndTime "9:41:09 PDT"]
[Termination "scandalgod won by resignation"]

1. d4 d5 2. c4 c6 3. Nf3 Nf6 4. Nc3 dxc4 5. a4 Bf5 6. e3 e6 7. Bxc4 Bb4 8. O-O O-O 9. Qe2 Bg6 10. Ne5 Nbd7 11. Nxg6 hxg6 12. Rd1 Qe7 13. Na2 Bd6 14. Bd2 e5 15. Nc3 Rfe8 16. h3 Rad8 17. a5 Nf8 18. Qf3 Bc7 19. dxe5 Qxe5 20. g3 Ne6 21. a6 b5 22. Bf1 b4 23. Na4 Ng5 24. Qe2 Qf5 25. g4 Qf3 0-1

[Event "Early-Titled-Tuesday-Blitz-August-29-2023"]
[Site "Chess.com"]
[Date "2023.08.29"]
[Round "9"]
[White "TC2304"]
[Black "VOneChess"]
[Result "1-0"]
[WhiteElo "2409"]
[BlackElo "2128"]
[TimeControl "180+1"]
[EndTime "9:41:17 PDT"]
[Termination "TC2304 won by checkmate"]

1. c4 e5 2. g3 Nc6 3. Bg2 f5 4. Nc3 Nf6 5. Nd5 Bc5 6. d3 O-O 7. Bg5 Bxf2+ 8. Kf1 Bc5 9. Nxf6+ gxf6 10. Bh6 Re8 11.
Bd5+ Kh8 12. e4 d6 13. Qh5 Qe7 14. Nf3 fxe4 15. Nh4 Bh3+ 16. Ke1 Nd4 17. Bf8 Nf3+ 18. Kd1 Qxf8 19. Ng6+ Kg7 20. Nxf8 Bg2 21. Qxh7+ Kxf8 22. Qf7# 1-0

[Event "Early-Titled-Tuesday-Blitz-August-29-2023"]
[Site "Chess.com"]
[Date "2023.08.29"]
[Round "9"]
[White "rikchessmx"]
[Black "Ramosha"]
[Result "0-1"]
[WhiteElo "2461"]
[BlackElo "2590"]
[TimeControl "180+1"]
[EndTime "9:41:21 PDT"]
[Termination "Ramosha won by resignation"]

1. e4 c6 2. d4 d5 3. Nc3 dxe4 4. Nxe4 Nf6 5. Ng5 h6 6. N5f3 c5 7. Bc4 Nc6 8. d5 Na5 9. Bb5+ Bd7 10. Bxd7+ Qxd7 11. Qd2 b6 12. Ne2 Qxd5 13. Qf4 O-O-O 14. O-O g5 15.
Qe3 Qe4 16. Nc3 Qxe3 17. Bxe3 Bg7 18. Nb5 Kb7 19. Rae1 e6 20. b3 a6 21. Na3 Nd5 22. Bd2 Nc6 23. Nc4 b5 24. Na5+ Nxa5 25. Bxa5 Rd7 26.
Ne5 Bxe5 27. Rxe5 Re8 28. c4 f6 29. Re4 Nf4 30. g3 Nd3 31. h4 Kc6 32. Rd1 b4 33.
Ra1 f5 34. Re3 gxh4 35. gxh4 Rg8+ 36. Kh2 e5 37. Rf3 Rd4 38. Kh3 Rdg4 39. Rxf5 Nf4+ 40.
Rxf4 Rxf4 41. Re1 Rf3+ 42. Kh2 Rxf2+ 43. Kh3 Rf3+ 44. Kh2 Rf4 45. Kh3 e4 46. a3 bxa3 47. Bd2 Rf3+ 0-1

[Event "Early-Titled-Tuesday-Blitz-August-29-2023"]
[Site "Chess.com"]
[Date "2023.08.29"]
[Round "9"]
[White "Herzog2012"]
[Black "BlitzWizard04"]
[Result "0-1"]
[WhiteElo "2435"]
[BlackElo "2592"]
[TimeControl "180+1"]
[EndTime "9:41:21 PDT"]
[Termination "BlitzWizard04 won by resignation"]

1. e4 c5 2. Nf3 e6 3. d4 cxd4 4.
Nxd4 Nc6 5. Nc3 Qc7 6. Be3 a6 7. Bd3 b5 8. Nb3 Bb7 9. f4 Na5 10. O-O Nc4 11. Bxc4 Qxc4 12. Qd3 Qc7 13. Rad1 Nf6 14.
Bd4 Be7 15. e5 Nd5 16. Ne4 Nb4 17. Qe2 Nxc2 18. Rc1 Nxd4 19. Nxd4 Qb6 20. Rfd1 O-O 21. Kh1 Rac8 22. Nb3 Rxc1 23. Rxc1 Rc8 24. Rxc8+ Bxc8 25. Qd2 Bf8 26. Nd6 Bb7 27. Nxb7 Qxb7 28. Qd3 h6 29. h3 Qc6 30. Kh2 d6 31. Nd4 Qd5 32. Qe3 dxe5 33. Qxe5 Qxa2 34. f5 exf5 35. Nxf5 Qe6 36. Qxe6 fxe6 37. Nd4 Kf7 38. Kg3 Bd6+ 39. Kf3 Be5 40.
Nc6 Bxb2 41. Ke4 Bc3 42. Kd3 b4 43. Kc4 Kf6 0-1

[Event "Early-Titled-Tuesday-Blitz-August-29-2023"]
[Site "Chess.com"]
[Date "2023.08.29"]
[Round "9"]
[White "jerry_77"]
[Black "DawidCzerw"]
[Result "1-0"]
[WhiteElo "2635"]
[BlackElo "2492"]
[TimeControl "180+1"]
[EndTime "9:41:22 PDT"]
[Termination "jerry_77 won by checkmate"]

1. e4 c5 2. Nf3 Nc6 3. Nc3 g6 4.
d4 cxd4 5. Nxd4 Bg7 6. Be3 Nf6 7.
Bc4 O-O 8. Bb3 Re8 9. f4 d6 10.
h3 e6 11. Qd2 d5 12. e5 Nd7 13. O-O-O Nxd4 14. Bxd4 b6 15. Nb5 Nc5 16. Nd6 Re7 17. Kb1 a5 18. c3 Nb7 19. Nxc8 Rxc8 20.
Qe3 Nc5 21. Bc2 Rec7 22. g4 b5 23. f5 b4 24. cxb4 axb4 25. h4 b3 26. Bxb3 Nxb3 27.
axb3 Rb7 28. Rc1 Ra8 29. Rc3 Qa5 30. Kc2 Bf8 31. Bc5 Bxc5 32. Qxc5 Qa6 33. Re1 Rab8 34. f6 Rb5 35. Qc7 R5b7 36. Qc8+ Rxc8 37. Rxc8# 1-0

[Event "Early-Titled-Tuesday-Blitz-August-29-2023"]
[Site "Chess.com"]
[Date "2023.08.29"]
[Round "9"]
[White "likantrophuss"]
[Black "MatyChess1"]
[Result "1-0"]
[WhiteElo "2584"]
[BlackElo "2673"]
[TimeControl "180+1"]
[EndTime "9:41:23 PDT"]
[Termination "likantrophuss won by resignation"]

1. d4 d5 2. c4 e6 3. Nf3 a6 4.
Nbd2 Nf6 5. g3 c5 6. cxd5 exd5 7. Bg2 Nc6 8. O-O c4 9. b3 b5 10. Ne5 Nxd4 11. Ndxc4 dxc4 12. Bxa8 Bh3 13. Bg2 Bxg2 14.
Kxg2 c3 15. Nf3 Nxf3 16. Qxd8+ Kxd8 17. Kxf3 Kc8 18. a3 Nd7 19. Bf4 Be7 20. Rac1 Bf6 21. Bd2 Kb7 22. Bxc3 Bxc3 23. Rxc3 Ne5+ 24. Kg2 Re8 25. e3 g5 26. h3 h5 27. f4 gxf4 28. gxf4 Nd7 29. Rfc1 Nf6 30. Rc7+ Kb6 31. R7c6+ Ka5 32.
Rxf6 1-0

[Event "Early-Titled-Tuesday-Blitz-August-29-2023"]
[Site "Chess.com"]
[Date "2023.08.29"]
[Round "9"]
[White "Juicy_Fork"]
[Black "Rutricks"]
[Result "0-1"]
[WhiteElo "2438"]
[BlackElo "2630"]
[TimeControl "180+1"]
[EndTime "9:41:27 PDT"]
[Termination "Rutricks won on time"]

1. e4 g6 2. d4 Bg7 3. Nc3 c6 4. Nf3 d5 5. exd5 cxd5 6. Bb5+ Bd7 7. Bxd7+ Qxd7 8. O-O Nc6 9. Bf4 e6 10. Nb5 Rd8 11.
Nd6+ Kf8 12. Ng5 Nh6 13. c3 f6 14. Nf3 a6 15. Qd2 g5 16. Nxg5 fxg5 17. Bxg5 Qxd6 18.
Bxh6 Rd7 19. Qg5 Rg8 20. f4 Bxh6 21. Qxh6+ Rdg7 22. f5 Ke8 23. Rf2 Kd7 24. f6 Rf7 25. Raf1 Rg6 26. Qh4 e5 27. dxe5 Nxe5 28. Qa4+ Kc7 29.
h3 Rgxf6 30. Rxf6 Rxf6 31. Re1 Nf3+ 32. gxf3 Qg3+ 33. Kf1 Rxf3+ 34. Ke2 Re3+ 35. Kd2 Qxe1+ 36. Kc2 Re2+ 37. Kb3 Qd1+ 0-1

[Event "Early-Titled-Tuesday-Blitz-August-29-2023"]
[Site "Chess.com"]
[Date "2023.08.29"]
[Round "9"]
[White "AlexNovitz"]
[Black "GMForgacs"]
[Result "0-1"]
[WhiteElo "2250"]
[BlackElo "2438"]
[TimeControl "180+1"]
[EndTime "9:41:27 PDT"]
[Termination "GMForgacs won by resignation"]

1. e4 e5 2. Nf3 Nc6 3. Bb5 a6 4. Ba4 Nf6 5. O-O Be7 6. Re1 b5 7. Bb3 O-O 8. c3 d5 9. exd5 Nxd5 10. Nxe5 Nxe5 11. Rxe5 c6 12. d4 Bd6 13. Re1 Qh4 14. g3 Qh3 15. Be3 Bg4 16. Qd3 f5 17. Qf1 Qh5 18. Bxd5+ cxd5 19. Nd2 f4 20. Bxf4 Rxf4 21. gxf4 Bxf4 22. Qg2 Bxd2 23. Re5 Qg6 24. Qxd5+ Be6+ 25. Qg2 Qxg2+ 26. Kxg2 Bc4 27. Rd1 Bf4 28. Rf5 g5 29. b3 Be6 30. Rc5 Bd6 31. Rxg5+ Kf7 32. Kg1 Bf4 33. Rc5 Rg8+ 34. Kf1 Bxh2 35. Rd3 Ke7 36. Rh5 Rg1+ 37. Ke2 Bg4+ 38. f3 Bxh5 39. Re3+ Kd6 40. Kf2 Rg7 41. Re5 Bxe5 42. dxe5+ Kxe5 0-1

[Event "Early-Titled-Tuesday-Blitz-August-29-2023"]
[Site "Chess.com"]
[Date "2023.08.29"]
[Round "9"]
[White "NovikovaGalina"]
[Black "Vesper2018"]
[Result "0-1"]
[WhiteElo "2404"]
[BlackElo "2592"]
[TimeControl "180+1"]
[EndTime "9:41:30 PDT"]
[Termination "Vesper2018 won by resignation"]

1. e4 c5 2. Nf3 d6 3. d4 cxd4 4. Nxd4 Nf6 5. Nc3 a6 6. Rg1 e5 7.
Nb3 h5 8. h3 h4 9. Be3 Be6 10.
Qd2 Nbd7 11. O-O-O Be7 12. g4 hxg3 13. Rxg3 g6 14. Kb1 Rc8 15. f3 b5 16. Nd5 Bxd5 17. exd5 Nb6 18. Bxb6 Qxb6 19. Bd3 Bd8 20. f4 Nh5 21. Rf3 Nxf4 22. Rxf4 exf4 23. Qxf4 Qc7 24. Re1+ Kf8 25. Bxg6 Rh4 26. Qf2 Bg5 27. Rf1 Rf4 28.
Qg2 fxg6 29. Rxf4+ Bxf4 30. Nd4 Qf7 31. Ne6+ Kg8 32. a3 Be5 33. Qg4 Qf5 34. Qh4 Qxc2+ 0-1

[Event "Early-Titled-Tuesday-Blitz-August-29-2023"]
[Site "Chess.com"]
[Date "2023.08.29"]
[Round "9"]
[White "Tomytoteph"]
[Black "Barbus89"]
[Result "0-1"]
[WhiteElo "2617"]
[BlackElo "2535"]
[TimeControl "180+1"]
[EndTime "9:41:33 PDT"]
[Termination "Barbus89 won by resignation"]

1. e4 c6 2. d4 d5 3. Nd2 dxe4 4. Nxe4 Nf6 5. Nxf6+ exf6 6. Nf3 Bd6 7. Be3 O-O 8. Qd2 Re8 9. Bd3 Be6 10. a3 Qe7 11. c4 Nd7 12. O-O Nf8 13. Rfe1 Qd7 14.
Rad1 Ng6 15. Bf1 Bg4 16. d5 Bxf3 17. gxf3 c5 18. b4 b6 19. Bg2 Qf5 20. bxc5 bxc5 21. Qd3 Qh5 22. Bd2 Qxh2+ 23. Kf1 Nh4 24. Re4 Qxg2+ 25.
Ke2 Nxf3 0-1

[Event "Early-Titled-Tuesday-Blitz-August-29-2023"]
[Site "Chess.com"]
[Date "2023.08.29"]
[Round "9"]
[White "Boundless_Strike"]
[Black "Good_Knight_Kiss"]
[Result "0-1"]
[WhiteElo "2501"]
[BlackElo "2393"]
[TimeControl "180+1"]
[EndTime "9:41:36 PDT"]
[Termination "Good_Knight_Kiss won by resignation"]

1. d4 Nf6 2. Nc3 d5 3. e4 dxe4 4. f3 exf3 5. Nxf3 g6 6. Bc4 Bg7 7. h4 O-O 8. h5 Bg4 9. hxg6 hxg6 10. Bh6 Bxh6 11. Rxh6 Kg7 12. Qd2 Bxf3 13. gxf3 Nc6 14.
O-O-O Qxd4 15. Bd3 Ne5 16. Qh2 Rh8 17. Rh1 Qe3+ 18. Qd2 Nxd3+ 19. cxd3 Qxd2+ 20. Kxd2 Rxh6 21. Rxh6 Kxh6 22. Nb5 c6 0-1

[Event "Early-Titled-Tuesday-Blitz-August-29-2023"]
[Site "Chess.com"]
[Date "2023.08.29"]
[Round "9"]
[White "vishwa_vijeta"]
[Black "Colombiano07"]
[Result "0-1"]
[WhiteElo "2511"]
[BlackElo "2400"]
[TimeControl "180+1"]
[EndTime "9:41:38 PDT"]
[Termination "Colombiano07 won by checkmate"]

1. e4 c6 2. d4 d5 3. Nd2 dxe4 4. Nxe4 Bf5 5. Ng3 Bg6 6. h4 h6 7. Nf3 Nd7 8. h5 Bh7 9. Bd3 Bxd3 10. Qxd3 Qc7 11.
Bd2 e6 12. O-O-O Ngf6 13. Kb1 O-O-O 14. Ne4 Nxe4 15. Qxe4 Nf6 16. Qe2 Bd6 17. c4 c5 18.
Bc3 cxd4 19. Nxd4 a6 20. Nb3 Kb8 21. Ba5 b6 22. c5 Bxc5 23. Rc1 Rd5 24. Qxa6 bxa5 25.
Rh3 Ne4 26. Nxa5 Nd2+ 27. Ka1 Qb6 28. Nc6+ Kc7 29. Qa4 Qxc6 30. Qf4+ Kb6 31. Rhc3 Qd7 32. a4 Ra8 33. Rxc5 Rxa4+ 34. Qxa4 Qxa4# 0-1

[Event "Early-Titled-Tuesday-Blitz-August-29-2023"]
[Site "Chess.com"]
[Date "2023.08.29"]
[Round "9"]
[White "colegiodemadrid"]
[Black "aranibos"]
[Result "1-0"]
[WhiteElo "2443"]
[BlackElo "2294"]
[TimeControl "180+1"]
[EndTime "9:41:38 PDT"]
[Termination "colegiodemadrid won by resignation"]

1. e4 g6 2. d4 Bg7 3. Nc3 d6 4. Be3 a6 5. h4 h6 6. a4 Nd7 7. Qd2 e6 8. f3 Ne7 9. Bc4 b6 10.
Bb3 Bb7 11. Nge2 c5 12. Rd1 cxd4 13. Nxd4 Nc5 14. Nde2 Nxb3 15. cxb3 d5 16. exd5 Nxd5 17. Nxd5 Bxd5 18. Qb4 Bxb2 19. Bxb6 Rb8 20. a5 Qe7 21. Qa4+ Kf8 22. Nf4 Bb7 23. Rd7 Qf6 24. Bc7 Qc3+ 25.
Kf2 Rc8 26. Bd6+ Kg8 27. Rxb7 Qd2+ 28. Ne2 Qxd6 29. Qd7 Qc5+ 30. Kg3 Rf8 31. b4 Be5+ 32. Kh3 Kg7 33. bxc5 h5 34. f4 Bf6 35. c6 1-0

[Event "Early-Titled-Tuesday-Blitz-August-29-2023"]
[Site "Chess.com"]
[Date "2023.08.29"]
[Round "9"]
[White "isaak2009"]
[Black "MrAnnihilation"]
[Result "1-0"]
[WhiteElo "2559"]
[BlackElo "2431"]
[TimeControl "180+1"]
[EndTime "9:41:40 PDT"]
[Termination "isaak2009 won by checkmate"]

1. d4 Nf6 2. c4 e6 3. Nc3 Bb4 4.
a3 Bxc3+ 5. bxc3 c5 6. e3 Nc6 7. Bd3 d6 8. Ne2 O-O 9. e4 Ne8 10. O-O b6 11. f4 f5 12. d5 Na5 13. Ng3 g6 14. Be3 Ba6 15. Qe2 Ng7 16. Rad1 Re8 17. dxe6 Qf6 18. exf5 gxf5 19. Qf3 Nxc4 20. Bxc4 Bxc4 21.
Rfe1 d5 22. Bf2 Rxe6 23. Rxe6 Nxe6 24. Nh5 Qg6 25. Re1 Re8 26. Bh4 Ng7 27. Nf6+ Qxf6 28. Rxe8+ Nxe8 29. Bxf6 Nxf6 30. Qg3+ Kf7 31. Qe3 Ne4 32.
Qh3 Kg6 33. Qh4 h6 34. Qe7 Nxc3 35. Qe6+ Kh5 36. Qxf5+ Kh4 37. g3# 1-0

[Event "Early-Titled-Tuesday-Blitz-August-29-2023"]
[Site "Chess.com"]
[Date "2023.08.29"]
[Round "9"]
[White "YellowJacek"]
[Black "miraitrunks"]
[Result "1-0"]
[WhiteElo "2344"]
[BlackElo "1989"]
[TimeControl "180+1"]
[EndTime "9:41:41 PDT"]
[Termination "YellowJacek won by resignation"]

1. d4 Nf6 2. c4 c5 3. Nf3 cxd4 4. Nxd4 Nc6 5. Nc3 e6 6. e4 Bb4 7. Nxc6 bxc6 8. Bd3 Qa5 9. O-O Bxc3 10. bxc3 Qxc3 11.
Rb1 Ba6 12. Bb2 Qa5 13. e5 Ng8 14. Qg4 Ne7 15. Qxg7 Rg8 16. Qxh7 O-O-O 17. Qxf7 Ng6 18. Bxg6 Rdf8 19. Qe7 Bxc4 20. Rfd1 Bd5 21. Rxd5 Qxd5 22. Ba3 Qxa2 23. Qxf8+ Rxf8 24. Bxf8 d5 25. exd6 Qd5 26. Be8 a5 27. d7+ Kc7 28. Be7 1-0

[Event "Early-Titled-Tuesday-Blitz-August-29-2023"]
[Site "Chess.com"]
[Date "2023.08.29"]
[Round "9"]
[White "Magila31"]
[Black "GalaxyRoman"]
[Result "0-1"]
[WhiteElo "2485"]
[BlackElo "2701"]
[TimeControl "180+1"]
[EndTime "9:41:44 PDT"]
[Termination "GalaxyRoman won by resignation"]

1. d4 Nf6 2. c4 e6 3. Nf3 b6 4. g3 Ba6 5. b3 Bb4+ 6. Bd2 Be7 7.
Bg2 c6 8. O-O d5 9. Bc3 Ne4 10.
Bb2 Nd7 11. Nbd2 f5 12. Rc1 O-O 13. Re1 Rc8 14. Ne5 Nxe5 15. dxe5 Bb4 16. Bxe4 fxe4 17. Bc3 Ba3 18. Rb1 Bc5 19. e3 Qg5 20. Qe2 Rf7 21.
b4 Be7 22. b5 cxb5 23. cxb5 Rxc3 24. bxa6 Qxe5 25. Nb3 Ba3 26. Nd4 Bc5 27. Nb5 Rc4 28. Rec1 Rxc1+ 29. Rxc1 h5 30. h4 Rf3 31. Nxa7 Bxe3 32. Nc6 Qxg3+ 33. Kf1 Rxf2+ 0-1

[Event "Early-Titled-Tuesday-Blitz-August-29-2023"]
[Site "Chess.com"]
[Date "2023.08.29"]
[Round "9"]
[White "guillembaches"]
[Black "campochess"]
[Result "1-0"]
[WhiteElo "2433"]
[BlackElo "2209"]
[TimeControl "180+1"]
[EndTime "9:41:47 PDT"]
[Termination "guillembaches won by resignation"]

1. e4 c5 2. Nf3 Nc6 3. d4 cxd4 4.
Nxd4 e5 5. Nb5 a6 6. Nd6+ Bxd6 7.
Qxd6 Qe7 8. Qd2 Nf6 9. Nc3 d6 10. b3 Be6 11. Bb2 Rd8 12. Nd5 Bxd5 13. exd5 Nb8 14. g3 Nbd7 15. Bg2 O-O 16. O-O-O Rc8 17. Kb1 Rc7 18. Rhe1 Rfc8 19. Rc1 Qd8 20. f4 exf4 21. gxf4 Nf8 22. Bh3 N8d7 23. Rg1 Kh8 24. Rg3 Rc5 25. c4 b5 26. Bf1 bxc4 27. Bxc4 Ne4 28. Bxg7+ Kg8 29.
Qg2 Nxg3 30. Qxg3 Rxc4 31. Bh6+ 1-0

[Event "Early-Titled-Tuesday-Blitz-August-29-2023"]
[Site "Chess.com"]
[Date "2023.08.29"]
[Round "9"]
[White "Grossboss19"]
[Black "Daniel_Salinas"]
[Result "1-0"]
[WhiteElo "2513"]
[BlackElo "2323"]
[TimeControl "180+1"]
[EndTime "9:41:50 PDT"]
[Termination "Grossboss19 won by resignation"]

1. e4 c6 2. Nc3 d5 3. Nf3 Bg4 4. h3 Bxf3 5. Qxf3 e6 6. d3 Nf6 7.
g4 Bb4 8. Bd2 d4 9. Nb1 Bxd2+ 10. Nxd2 Qc7 11. g5 Nfd7 12. Be2 Na6 13. a3 Ne5 14. Qg3 Ng6 15. Nf3 c5 16. e5 Nb8 17. h4 Nc6 18. h5 Ngxe5 19. Nd2 O-O-O 20. Ne4 b6 21. O-O-O Rdf8 22. Rdf1 f5 23. gxf6 gxf6 24. f4 Rhg8 25. Qh3 Nd7 26. Qxe6 f5 27. Nd6+ Kb8 28.
Nb5 Qc8 29. Bf3 Nd8 30. Qd6+ 1-0

[Event "Early-Titled-Tuesday-Blitz-August-29-2023"]
[Site "Chess.com"]
[Date "2023.08.29"]
[Round "9"]
[White "Pilopa"]
[Black "SpongeBob_03"]
[Result "1-0"]
[WhiteElo "2686"]
[BlackElo "2188"]
[TimeControl "180+1"]
[EndTime "9:41:52 PDT"]
[Termination "Pilopa won by checkmate"]

1. d4 c5 2. d5 d6 3. c4 Nf6 4.
Nc3 e5 5. e4 g6 6. Be2 Bg7 7.
Be3 O-O 8. g4 Ne8 9. Qc2 f5 10.
gxf5 gxf5 11. exf5 Bxf5 12. Bd3 Bxd3 13. Qxd3 Qh4 14. Nge2 Nf6 15. O-O-O Ng4 16. Rdg1 Nxf2 17. Bxf2 Rxf2 18. Ne4 Rxh2 19. Rxh2 Qxh2 20. Ng5 Kh8 21. Nf7+ Kg8 22. Ng5 Kh8 23. Qf5 Na6 24. Nf7+ Kg8 25.
Qe6 Nc7 26. Nh6+ Kf8 27. Qf7# 1-0

[Event "Early-Titled-Tuesday-Blitz-August-29-2023"]
[Site "Chess.com"]
[Date "2023.08.29"]
[Round "9"]
[White "AleksandraMilovic"]
[Black "Muracle"]
[Result "0-1"]
[WhiteElo "2129"]
[BlackElo "2496"]
[TimeControl "180+1"]
[EndTime "9:41:55 PDT"]
[Termination "Muracle won by checkmate"]

1. e4 c5 2. Nf3 Nc6 3. c4 e5 4. Nc3 d6 5. Be2 Be7 6. O-O Nf6 7. d3 O-O 8. Rb1 Ne8 9. a3 Nc7 10. b4 b6 11. b5 Nd4 12. Nxd4 cxd4 13. Nd5 Nxd5 14. exd5 f5 15. f4 Bf6 16. a4 e4 17.
dxe4 fxe4 18. Bg4 Bxg4 19. Qxg4 Qc8 20. f5 Re8 21. Bg5 Qd8 22. Bxf6 Qxf6 23. Rf4 Rac8 24. Rxe4 Rxe4 25. Qxe4 Rxc4 26. Qe8+ Qf8 27. Qe6+ Kh8 28. Rf1 Rc7 29. f6 gxf6 30. Rxf6 Qe7 31. Qxd6 Rc1+ 32. Kf2 Qe3# 0-1

[Event "Early-Titled-Tuesday-Blitz-August-29-2023"]
[Site "Chess.com"]
[Date "2023.08.29"]
[Round "9"]
[White "snowlord"]
[Black "OparinGrigoriy"]
[Result "1-0"]
[WhiteElo "2926"]
[BlackElo "2973"]
[TimeControl "180+1"]
[EndTime "9:41:56 PDT"]
[Termination "snowlord won by resignation"]

1. e4 e5 2. Nf3 Nc6 3. Bb5 a6 4. Ba4 d6 5. c4 Bg4 6. Nc3 Nf6 7. d3 Nd7 8. h3 Bxf3 9. Qxf3 Nd4 10. Qg3 c6 11.
O-O Nc5 12. Bd1 Nce6 13. Kh1 h5 14. b4 g6 15. Rb1 h4 16. Qh2 Bh6 17. Be3 Kf8 18. Qg1 Kg7 19. f4 Bxf4 20. Rxf4 exf4 21. Bxd4+ Nxd4 22. Qxd4+ Qf6 23. Ne2 Qxd4 24. Nxd4 d5 25.
exd5 cxd5 26. c5 Rhe8 27. Bf3 Re3 28. Rd1 a5 29. b5 Rc8 30. c6 bxc6 31. bxc6 Kf6 32.
Bg4 Rc7 33. Rc1 Ke7 34. Nb5 Kd8 35. Nxc7 Kxc7 36. Rc3 d4 37. Ra3 Kxc6 38. Kg1 Kb5 39. Rb3+ Kc5 40. a4 Kd6 41. Kf2 Re5 42. Rb6+ Kc7 43. Rf6 Rc5 44. Rxf7+ Kd6 45. Rxf4 Ke5 46. Re4+ Kd5 47. Bf3 Rc3 48. Rxh4+ Kc5 49. Be4 Kb4 1-0

[Event "Early-Titled-Tuesday-Blitz-August-29-2023"]
[Site "Chess.com"]
[Date "2023.08.29"]
[Round "9"]
[White "Doomfist26"]
[Black "artin10862"]
[Result "0-1"]
[WhiteElo "2599"]
[BlackElo "2821"]
[TimeControl "180+1"]
[EndTime "9:41:59 PDT"]
[Termination "artin10862 won by resignation"]

1. e4 c5 2. Nf3 d6 3. Bb5+ Nd7 4.
O-O a6 5. Bxd7+ Bxd7 6. c3 Nf6 7. Re1 Bc6 8. d4 Bxe4 9. Bg5 Bc6 10. Bxf6 gxf6 11. d5 Bd7 12. Nbd2 f5 13. Nc4 Qc7 14. a4 Rg8 15. Qc2 b6 16. Nh4 Rg4 17. Nxf5 Rxc4 18.
Nxe7 Kd8 19. Qe2 Rf4 20. g3 Rf6 21. Rad1 Bxa4 22. Nc6+ Bxc6 23. dxc6 Qxc6 24. Qe5 Re6 25. Qg5+ Kc7 26. Qf5 Rxe1+ 27. Rxe1 Qd7 28. Qd5 Re8 29. Rd1 Qe6 30. Qf3 Re7 31. Ra1 a5 32. b4 Qe4 33.
Qf6 Qe5 34. Qf3 cxb4 35. Rd1 Qxc3 36. Qf4 Re1+ 0-1

[Event "Early-Titled-Tuesday-Blitz-August-29-2023"]
[Site "Chess.com"]
[Date "2023.08.29"]
[Round "9"]
[White "garfield_pg"]
[Black "HamedWafa4"]
[Result "1/2-1/2"]
[WhiteElo "2386"]
[BlackElo "2539"]
[TimeControl "180+1"]
[EndTime "9:41:59 PDT"]
[Termination "Game drawn by repetition"]

1. d4 Nf6 2. Bf4 b6 3. e3 Bb7 4. Nf3 e6 5. Bd3 Bd6 6. O-O Bxf4 7. exf4 O-O 8. c3 d6 9. Re1 Nbd7 10. Nbd2 Re8 11.
Qe2 a5 12. a4 Nf8 13. Ne4 Ng6 14. g3 Qd7 15. Nxf6+ gxf6 16. Be4 c6 17. Qc2 f5 18.
Bd3 c5 19. Bb5 Qc7 20. Qe2 Red8 21. dxc5 dxc5 22. Rad1 Rxd1 23. Rxd1 Rd8 24. Ne5 Rxd1+ 25. Qxd1 Nxe5 26. fxe5 Qxe5 27. Qd8+ Kg7 28. Qg5+ Kf8 29. Qd8+ Kg7 30. Qg5+ Kh8 31. Qd8+ Kg7 1/2-1/2